 Dungeon Crawl Stone Soup version 0.26-a0-682-g294304f6e8 (webtiles) character file.

Game seed: 15198716879839735799

4977 PentaManta the Cleaver (level 10, -5/86 HPs)
             Began as a Minotaur Berserker on Oct 20, 2020.
             Was a High Priest of Trog.
             Slain by an ice dragon (10 damage)
             ... on level 9 of the Dungeon.
             The game lasted 00:20:54 (8077 turns).

PentaManta the Cleaver (Minotaur Berserker)         Turns: 8077, Time: 00:20:56

Health: -5/86      AC: 14    Str: 26    XL:     10   Next: 29%
Magic:  9/9        EV:  8    Int:  4    God:    Trog [*****.]
Gold:   854        SH: 13    Dex:  9    Spells: 9/9 levels left

rFire    . . .     SeeInvis .   z - +0 war axe (drain)
rCold    . . .     Faith    .   m - +1 kite shield
rNeg     . . .     Spirit   .   B - +0 plate armour
rPois    .         Reflect  .   (helmet restricted)
rElec    .         Harm     .   (no cloak)
rCorr    .         Rampage  .   C - +0 pair of gloves
MR       ++...                  (no boots)
Stlth    ..........             o - amulet of regeneration
HPRegen  1.64/turn              f - ring of stealth
MPRegen  0.11/turn              (no ring)

@: berserk cooldown, regenerating, slowed, very slow
A: retaliatory headbutt, horns 2
a: Berserk, Trog's Hand, Brothers in Arms, Renounce Religion


You were on level 9 of the Dungeon.
You worshipped Trog.
Trog was extremely pleased with you.
You visited 2 branches of the dungeon, and saw 10 of its levels.
You also visited: Bailey.

You collected 854 gold pieces.

Inventory:

Hand Weapons
 a - a +3 trident
 r - a +2 dagger of venom
 s - a +0 whip of venom
 z - a +0 war axe of draining (weapon)
 D - a +2 vorpal hand axe
 H - the +5 hunting sling of the Tomato {speed, rN+ Dex-4 SInv}
   (You found it in a bailey)

   Attacks with this weapon are significantly faster.
   It affects your dexterity (-4).
   It protects you from negative energy.
   It lets you see invisible.
Missiles
 p - 6 javelins (quivered)
 x - 9 throwing nets
Armour
 b - a +0 chain mail
 m - a +1 kite shield (worn)
 B - a +0 plate armour (worn)
 C - a +0 pair of gloves (worn)
 I - a +4 ring mail
Jewellery
 f - a ring of stealth (left hand)
 o - an amulet of regeneration (around neck)
Wands
 c - a wand of disintegration (17)
 w - a wand of iceblast (15)
Scrolls
 h - 6 scrolls of remove curse
 k - 2 scrolls of blinking
 u - 2 scrolls of teleportation
 v - a scroll of magic mapping
 y - a scroll of enchant armour
Potions
 d - a potion of ambrosia
 e - 2 potions of flight {unknown}
 g - 5 potions of lignification
 i - 7 potions of curing
 j - a potion of brilliance {unknown}
 l - a potion of haste {unknown}
 n - 3 potions of resistance {unknown}
 q - a potion of heal wounds {unknown}
 t - 3 potions of magic {unknown}
 A - a potion of might


   Skills:
 + Level 7.4 Fighting
 + Level 11.2 Axes
 + Level 6.9 Armour
 + Level 6.2 Dodging
 + Level 9.4 Shields


You had 9 spell levels left.
You didn't know any spells.
Your spell library was empty.

Dungeon Overview and Level Annotations

Branches:
Dungeon (9/15)             Temple (1/1) D:6            Lair (0/6) D:8
    Orc (0/2) D:9          Bailey (visited)

Altars:
Ashenzari
Cheibriados
Dithmenos
Elyvilon
Fedhas
Gozag
Hepliaklqana
Kikubaaqudgha
Makhleb
Nemelex Xobeh
Okawaru
Qazlal
Ru
Sif Muna
Trog
Uskayaw
Vehumet
Xom
Yredelemnul
Zin
The Shining One

Shops:
D:9 !


Innate Abilities, Weirdness & Mutations

You reflexively headbutt those who attack you in melee.
You have a pair of horns on your head.


Message History

The fire dragon tramples you but does no damage.
The ice dragon bites you.
* * * LOW HITPOINT WARNING * * *
The ice dragon claws you but does no damage.
The ice dragon tramples you.
* * * LOW HITPOINT WARNING * * *
You hold your ground!
You feel a strong urge to attack something.
Okay, then.
You are no longer berserk.
You are exhausted.
You feel yourself slow down.
Your skin crawls.
You feel resistant to hostile enchantments.
The fire dragon breathes flames at you. The blast of flame hits you!!
* * * LOW HITPOINT WARNING * * *
The ice dragon bites you but does no damage.
The ice dragon claws you!
You die...

,,,*** #######...# #........
,,,,**####.........######........
**,,,,.............##...#........
*,,,*########..†..##...#.......≈
**,,,*≈≈#....#...####...#.......≈
,,,,,*≈≈#..⌠.#..................≈
**,,,*###....#....###...#.......≈
,,**,+...[...D.D..# #...#.......≈
*,**,*....####DD@.# #...#.......≈
*,**,*.⌠..#≈§#....# ###########.≈
,,,,,*....#≈§#....#*****######...
,,,,,*########......,,,,#...##..#
,,,,,,................,,#...##.#.
*,****#..#####........,,#...##.#.
*,* ##,** ##.......,,#..../...
*,* *,,* #........,#...##.#. *,*
**,** *,,,,,,,,,#.∩###[##


You could see 2 fire dragons and 2 ice dragons.

Vanquished Creatures
  A troll (D:9)
  2 yaks (D:8)
  A human (D:5)
  A wyvern (D:8)
  Purgy (D:3)
  An orc warrior (D:8)
  4 ice beasts
  2 ogres
  3 black bears
  A phantom (D:7)
  A necrophage (D:8)
  2 centaurs
  2 big kobolds (D:7)
  4 bullfrogs
  8 gnoll sergeants (Bailey)
  A wyvern zombie (D:8)
  2 scorpions (D:8)
  5 wights
  A howler monkey (D:8)
  3 jellies
  6 gnoll shamans (Bailey)
  6 hounds
  8 orc wizards
  2 orc priests (D:6)
  Jessica (D:3)
  An iguana (D:5)
  A human skeleton (D:5)
  5 worker ants
  A hound zombie (D:6)
  2 hound skeletons
  Robin (D:3)
  16 gnolls
  5 adders
  A shadow imp (D:5)
  2 white imps (D:6)
  2 oozes (D:5)
  2 adder skeletons (D:5)
  2 adder zombies
  6 dart slugs
  10 leopard geckos
  24 orcs
  8 giant cockroaches
  15 goblins
  9 hobgoblins
  18 jackals
  13 kobolds
  2 quokkas (D:3)
  3 ball pythons
  8 bats
  6 frilled lizards
  A giant cockroach zombie (D:5)
  A jackal skeleton (D:5)
  2 leopard gecko skeletons
  A quokka skeleton (D:5)
  2 quokka zombies (D:7)
  16 rats
255 creatures vanquished.

Vanquished Creatures (collateral kills)
  Maggie (D:7)
1 creature vanquished.

Vanquished Creatures (others)
  25 fungi (D:8)
  31 plants (D:8)
56 creatures vanquished.

Grand Total: 312 creatures vanquished

Notes
Turn   | Place    | Note
-------+----------+-------------------------------------------
     0 | D:1      | PentaManta the Minotaur Berserker began the quest for the
                  | Orb.
     0 | D:1      | Reached XP level 1. HP: 19/19 MP: 0/0
   124 | D:1      | Reached skill level 4 in Axes
   125 | D:1      | Reached XP level 2. HP: 25/26 MP: 1/1
   414 | D:1      | Reached skill level 5 in Axes
   552 | D:1      | Reached XP level 3. HP: 27/31 MP: 2/2
   607 | D:1      | Reached ** piety under Trog
  1118 | D:2      | Found a shimmering altar of Xom.
  1227 | D:2      | Reached skill level 6 in Axes
  1227 | D:2      | Reached XP level 4. HP: 39/39 MP: 3/3
  1395 | D:2      | Found a broken altar of Ashenzari.
  1511 | D:2      | Found an iron altar of Okawaru.
  1704 | D:3      | Reached skill level 1 in Shields
  1766 | D:3      | Noticed Jessica
  1771 | D:3      | Killed Jessica
  1820 | D:3      | Noticed Purgy
  1832 | D:3      | Killed Purgy
  1832 | D:3      | Reached *** piety under Trog
  1832 | D:3      | Reached skill level 7 in Axes
  1832 | D:3      | Reached XP level 5. HP: 45/45 MP: 4/4
  2097 | D:3      | Noticed Robin
  2108 | D:3      | Killed Robin
  2219 | D:3      | Reached XP level 6. HP: 51/51 MP: 5/5
  3074 | D:5      | Entered Level 5 of the Dungeon
  3198 | D:5      | Reached **** piety under Trog
  3314 | D:5      | Reached skill level 8 in Axes
  3315 | D:5      | Reached XP level 7. HP: 57/57 MP: 6/6
  3347 | D:5      | Reached skill level 5 in Shields
  3673 | D:5      | Found a runed translucent door.
  3673 | D:5      | Noticed a human
  3696 | D:5      | Found a basalt altar of Yredelemnul.
  3735 | D:5      | Killed a human
  4096 | D:6      | Reached skill level 9 in Axes
  4235 | D:6      | Reached XP level 8. HP: 62/64 MP: 7/7
  4901 | D:6      | Found a staircase to the Ecumenical Temple.
  4909 | Temple   | Entered the Ecumenical Temple
  4952 | D:6      | Reached ***** piety under Trog
  5026 | D:6      | Found a glowing golden altar of the Shining One.
  5679 | D:7      | Reached skill level 5 in Fighting
  5690 | D:7      | Reached skill level 10 in Axes
  5849 | D:7      | Reached XP level 9. HP: 68/74 MP: 8/8
  5892 | D:7      | Found a hide-covered altar of Uskayaw.
  5892 | D:7      | Noticed Maggie
  5902 | D:7      | Killed Maggie
  6393 | D:7      | Found a shimmering blue altar of Sif Muna.
  6543 | D:8      | Reached skill level 5 in Armour
  6567 | D:8      | Reached skill level 5 in Dodging
  6651 | D:8      | Found a staircase to the Lair.
  6855 | D:8      | Found a shadowy altar of Dithmenos.
  7120 | D:9      | Found Cyrenoin's Distillery.
  7152 | D:9      | Noticed a troll
  7167 | D:9      | Killed a troll
  7167 | D:9      | Reached XP level 10. HP: 66/86 MP: 9/9
  7192 | D:9      | Found a flagged portal.
  7204 | Bailey   | Entered a bailey
  7306 | Bailey   | Reached skill level 11 in Axes
  7378 | Bailey   | Received a gift from Trog
  7592 | Bailey   | Got a translucent hunting sling
  7760 | D:9      | Identified the +5 hunting sling of the Tomato {speed, rN+
                  | Dex-4 SInv} (You found it in a bailey)
  8042 | D:9      | Found a runed translucent door.
  8043 | D:9      | Noticed a fire dragon
  8048 | D:9      | Noticed an ice dragon
  8048 | D:9      | Noticed a fire dragon
  8049 | D:9      | Found the +2 shield of Resistance {rF++ rC++ MR++}
  8050 | D:9      | Noticed an ice dragon
  8077 | D:9      | Slain by an ice dragon

Illustrated notes

Levels and vault maps discovered:
D:1:      minmay_arrival_stone_box, layout_rooms, minmay_octomino_c4
D:2:      layout_rooms, overflow_temple_1_default,
          nicolae_overflow_crystal_walls, lemuel_crystal_altar
D:3:      layout_basic, uniq_jessica, uniq_robin, uniq_purgy
D:4:      layout_basic
D:5:      layout_basic, gup_sewer_entry_spiral, dk_yredelemnul_ordeal
D:6:      layout_layer_cave, tso_oasis_becter, minmay_temple_entry_junction
D:7:      layout_loops_corners, lemuel_coloured_pillars_altar,
          lemuel_blue_sif_altar, uniq_maggie
D:8:      layout_cave_pools, kennysheep_little_box, due_lair_maze_entry_diamond,
          minmay_misc_feat_iff
D:9:      layout_basic, kennysheep_mini, kennysheep_orc_monster_closet_entryway,
          serial_shops, shop, enter_bailey_3, minmay_guarded_unrand_resistance,
          uniq_erolcha
Temple:   nicolae_temple_no_exploring_needed

Skill      XL: |  1  2  3  4  5  6  7  8  9 10 |
---------------+-------------------------------+-----
Axes           | 4 5 6 7 8 9 10 11 | 11.2
Shields        | 3 4 6 7 9 |  9.4
Fighting       | 5 7 |  7.4
Armour         | 4 6 |  6.9
Dodging        | 4 5 6 |  6.2

Action                   |  1- 3 |  4- 6 |  7- 9 | 10-12 || total
-------------------------+-------+-------+-------+-------++-------
Melee: Hand axe          |    58 |   161 |   286 |       ||   505
       Headbutt          |     7 |    21 |    76 |    22 ||   126
       War axe           |       |       |   144 |    85 ||   229
Invok: Berserk           |     1 |     4 |     4 |     4 ||    13
       Trog's Hand       |       |       |     1 |     3 ||     4
       Brothers in Arms  |       |       |     1 |       ||     1
  Use: Scroll            |       |     7 |     5 |     2 ||    14
       Potion            |       |       |     2 |       ||     2
Armor: Animal skin       |     9 |       |       |       ||     9
       Chain mail        |     5 |    70 |   157 |    36 ||   268
       Leather armour    |     2 |       |       |       ||     2
       Plate armour      |       |       |       |     7 ||     7
Dodge: Dodged            |    36 |    35 |    86 |    57 ||   214
Block: Kite shield       |       |    64 |   231 |   100 ||   395

Table legend: (Time is in decaauts)
 A = Elapsed time spent in this place.
 B = Non-inter-level travel time spent in this place.
 C = Inter-level travel time spent in this place.
 D = Time resting spent in this place.
 E = Time spent auto-exploring this place.
 F = Levels seen in this place.
 G = Mean time per level.
                   A        B        C        D        E       F      G
               +--------+--------+--------+--------+--------+-----+--------+
         Total |   8217 |   7874 |    343 |    484 |   5596 |  11 |  747.0 |
       Dungeon |   7678 |   7335 |    343 |    354 |   5453 |   9 |  853.1 |
        Temple |      1 |      1 |      0 |      0 |      0 |   1 |    1.0 |
        Bailey |    537 |    537 |      0 |    130 |    143 |   1 |  537.0 |
               +--------+--------+--------+--------+--------+-----+--------+

Top non-repeatable levels by time:
     D:7: 1299 daAuts
     D:6: 1195 daAuts
     D:1: 1110 daAuts
     D:5: 1050 daAuts
     D:3: 956 daAuts
     D:2: 537 daAuts
  Bailey: 537 daAuts
     D:4: 519 daAuts
     D:9: 509 daAuts
     D:8: 499 daAuts
  Temple: 1 daAuts
